AoeStats
← WiryFuzzball

Black Forest

509757203Analyzed
3v3 RM · 4d ago on Sep 27, 2026· 54m 10s· 6 players
Game mode
Random Map
Map size
Normal (6 player)
Population
200
Speed
Normal
Resources
Standard
Victory
Conquest
Starting age
Dark Age
Ending age
Imperial Age
RankedLock teamsTeams togetherTeam positionsShared explorationLock speedFull tech treeHidden civsTurbo modeCheats
Victory
Defeat
🇦🇷 Khmer · Argentina
1009
+14
🇪🇸 Wu · Spain
1005
+14
🇦🇷 Jurchens · Argentina
958
+17
🇺🇸 Britons · United States
969
-15
🇺🇸 Bohemians · United States
959
-15
🇺🇸 Aztecs · United States
957
-15
ManuJejox
1:14 Loom
11:51 Feudal Age
15:27 Castle Age
14:51 Double-Bit Axe
17:21 Horse Collar
19:45 Stone Mining
20:19 Bow Saw
22:46 Heavy Plow
25:33 Husbandry
25:44 Bloodlines
26:07 Scale Barding Armor
26:12 Forging
25:55 Fletching
26:13 Gold Mining
27:22 Devotion
28:06 Wheelbarrow
31:27 Imperial Age
29:43 Gold Shaft Mining
30:17 Stone Shaft Mining
29:46 Caravan
30:20 Hand Cart
31:47 Chain Barding Armor
32:04 Iron Casting
31:25 Bodkin Arrow
31:31 Padded Archer Armor
32:38 Conscription
32:31 Elite Ballista Elephant
32:57 Heavy Scorpion
34:35 Plate Barding Armor
34:38 Double Crossbow
34:36 Elite Battle Elephant
36:16 Ballistics
36:43 Tusk Swords
37:39 Crop Rotation
36:41 Light Cavalry
38:26 Blast Furnace
37:46 Leather Archer Armor
38:41 Chemistry
37:37 Murder Holes
38:12 Siege Engineers
38:46 Hussar
40:32 Scale Mail Armor
40:33 Bracer
41:22 Ring Archer Armor
40:53 Scale Mail Armor
43:14 Cavalier
48:04 Faith
48:01 Chain Mail Armor
50:36 Capped Ram
bananon1501915
5:05 Loom
11:11 Feudal Age
14:27 Double-Bit Axe
14:24 Horse Collar
14:41 Gold Mining
17:38 Castle Age
18:22 Forging
18:15 Scale Mail Armor
19:32 Heavy Plow
19:43 Bow Saw
25:47 Stone Mining
27:55 Wheelbarrow
27:07 Town Watch
30:28 Imperial Age
28:37 Wheelbarrow
28:53 Stone Shaft Mining
28:59 Gold Shaft Mining
28:14 Treadmill Crane
28:56 Ballistics
28:42 Siege Engineers
28:56 Chain Mail Armor
31:13 Hand Cart
31:44 Iron Casting
32:20 Crop Rotation
32:54 Gambesons
33:10 Squires
32:56 Arson
34:00 Fletching
35:10 Blast Furnace
34:11 Padded Archer Armor
35:15 Chemistry
34:26 Caravan
34:42 Guilds
36:17 Thunderclap Bombs
36:30 Conscription
50:29 Leather Archer Armor
Elgato8153
0:36 Loom
11:37 Feudal Age
17:19 Castle Age
16:59 Double-Bit Axe
16:59 Horse Collar
19:33 Bloodlines
19:28 Stone Mining
20:08 Bow Saw
21:44 Heavy Plow
24:50 Wheelbarrow
27:18 Red Cliffs Tactics
27:51 Husbandry
33:27 Imperial Age
31:16 Hand Cart
31:46 Scale Mail Armor
31:40 Fletching
31:50 Padded Archer Armor
31:56 Scale Barding Armor
31:51 Town Watch
33:43 Leather Archer Armor
33:24 Bodkin Arrow
33:41 Forging
34:15 Gold Mining
35:02 Stone Shaft Mining
34:50 Town Patrol
35:56 Two-Man Saw
35:36 Gold Shaft Mining
35:43 Gold Shaft Mining
35:31 Conscription
34:59 Heavy Hei Guang Cavalry
36:13 Sitting Tiger
38:13 Caravan
38:34 Guilds
38:57 Coinage
40:19 Chain Barding Armor
40:00 Bracer
40:37 Iron Casting
40:04 Scale Mail Armor
39:48 Elite Fire Archer
42:56 Banking
46:03 Chemistry
45:23 Ballistics
45:15 Masonry
47:27 Light Cavalry
49:03 Plate Barding Armor
49:29 Blast Furnace
48:46 Chain Mail Armor
49:32 Hussar
JillVibesDotCom
5:56 Loom
12:55 Feudal Age
13:56 Town Watch
16:53 Castle Age
14:56 Double-Bit Axe
29:03 Imperial Age
27:13 Wheelbarrow
27:12 Fletching
27:09 Horse Collar
28:07 Bow Saw
31:16 Chemistry
33:24 Hand Cart
34:01 Conscription
34:49 Elite Longbowman
35:53 Yeomen
36:34 Bodkin Arrow
36:39 Padded Archer Armor
36:55 Siege Engineers
37:11 Ballistics
38:52 Two-Man Saw
38:19 Gold Mining
38:19 Stone Mining
39:07 Bracer
39:23 Leather Archer Armor
39:10 Treadmill Crane
39:53 Masonry
39:39 Heated Shot
40:19 Warwolf
42:13 Ring Archer Armor
52:21 Fortified Wall
WiryFuzzball
0:40 Loom
13:21 Feudal Age
16:07 Double-Bit Axe
18:31 Castle Age
17:29 Double-Bit Axe
22:01 Bow Saw
21:35 Horse Collar
23:24 Wheelbarrow
24:38 Hand Cart
24:09 Town Watch
24:49 Heavy Plow
34:22 Imperial Age
32:56 Chemistry
32:09 Fortified Wall
33:42 Caravan
33:15 Pikeman
33:55 Squires
34:06 Forging
33:47 Fletching
36:52 Two-Man Saw
37:12 Houfnice
37:59 Siege Engineers
37:51 Onager
37:56 Halberdier
38:02 Capped Ram
39:13 Conscription
38:59 Wagenburg Tactics
bowerca93
0:40 Loom
12:54 Feudal Age
12:58 Feudal Age
19:18 Castle Age
18:35 Double-Bit Axe
18:33 Horse Collar
25:47 Wheelbarrow
25:07 Town Watch
29:18 Hand Cart
29:20 Fortified Wall
29:55 Heavy Plow
29:57 Fletching
30:18 Forging
30:09 Scale Mail Armor
33:16 Imperial Age
31:17 Town Patrol
31:33 Gambesons
31:09 Eagle Warrior
33:09 Gold Mining
33:09 Stone Mining
33:35 Bow Saw
34:52 Gold Shaft Mining
33:40 Onager
35:06 Ballistics
36:38 Caravan
36:34 Fletching
37:50 Chemistry
36:51 Siege Onager
37:18 Elite Eagle Warrior
38:30 Bodkin Arrow
38:46 Forging
38:37 Padded Archer Armor
38:57 Arrowslits
39:45 Bracer
39:48 Atlatl
40:05 Siege Engineers
41:43 Murder Holes
41:13 Elite Skirmisher
42:12 Leather Archer Armor
42:34 Iron Casting
41:59 Scale Mail Armor
42:01 Treadmill Crane
43:57 Pikeman
46:01 Blast Furnace
45:17 Chain Mail Armor
50:42 Garland Wars
Connection lost

Rejoining the realm…

Still unreachable

The connection could not be restored.

Session expired

The server has moved on; the page needs a fresh start.